 Dungeon Crawl Stone Soup version 0.28-a0-683-ga8797d1ae1 (webtiles) character file.

Game seed: 12075861194061396202

188 freelancePsychic the Magician (level 5, 0/30 HPs)
             Began as a Deep Elf Earth Elementalist on Oct 18, 2021.
             Slain by a gnoll (11 damage)
             ... on level 1 of the Dungeon.
             The game lasted 00:04:57 (2598 turns).

freelancePsychic the Magician (DEEE)                Turns: 2598, Time: 00:04:58

Health: 0/30       AC:  3    Str:  5    XL:     5   Next: 39%
Magic:  12/14      EV: 12    Int: 21    God:
Gold:   76         SH:  0    Dex: 15    Spells: 10/14 levels left

rFire   . . .      SeeInvis .   h - +2 dagger (venom)
rCold   . . .      Faith    .   (no shield)
rNeg    . . .      Spirit   .   b - +1 robe
rPois   .          Reflect  .   (no helmet)
rElec   .          Harm     .   (no cloak)
rCorr   .          Rampage  .   (no gloves)
Will    .....                   (no boots)
Stlth   ++........              (no amulet)
HPRegen 0.10/turn               (no ring)
MPRegen 0.14/turn               (no ring)

@: very slightly contaminated
A: mutation resistance 1, passive freeze, robust 1
a: no special abilities


You were on level 1 of the Dungeon.
You visited 1 branch of the dungeon, and saw 4 of its levels.

You collected 76 gold pieces.

Inventory:

Hand Weapons
 a - a +0 dagger
 h - a +2 dagger of venom (weapon)
Missiles
 c - 20 stones
Armour
 b - a +1 robe (worn)
Scrolls
 d - 2 scrolls of immolation
 f - a scroll of amnesia
 i - a scroll of enchant armour
 l - a scroll of blinking
Potions
 e - a potion of attraction
 g - a potion of brilliance {unknown}
 j - a potion of mutation
 m - a potion of magic {unknown}


   Skills:
 - Level 2.4 Dodging
 - Level 2.4 Stealth
 + Level 5.0 Spellcasting
 + Level 3.1 Conjurations
 - Level 1.1 Transmutations
 + Level 4.7 Earth Magic


You had 10 spell levels left.
You knew the following spells:

 Your Spells              Type           Power      Damage    Failure   Level
a - Sandblast             Erth           50%        2d12      1%          1
b - Stone Arrow           Conj/Erth      42%        3d9       6%          3

Your spell library contained the following spells:

 Spells                   Type           Power      Damage    Failure   Level
 Passwall                 Tmut/Erth      14%        N/A       4%          2
 Petrify                  Tmut/Erth      17%        N/A       32%         4


Dungeon Overview and Level Annotations

Branches:
Dungeon (4/15)
 Temple: D:4-7

Altars:

Annotations:
D:3 Grinder
D:4 Blork the orc, Sigmund


Innate Abilities, Weirdness & Mutations

You are somewhat resistant to further mutation.
A frigid envelope surrounds you and freezes all who hurt you.
You are robust. (+10% HP)


Message History

The puff of flame hits you.
Robin laughs in a distinctly smug fashion.
Robin roars a battlecry!
You hear a shout! x3
You climb upwards.
There is a stone staircase leading down here.
Casting: Sandblast (safe; 1% risk of failure)
Confirm with . or Enter, or press ? or * to list all spells.
Aiming: Sandblast (safe; 1% risk of failure)
Press: ? - help, Shift-Dir - straight line, f - Robin
Aim: Robin, wielding a +0 short sword, wearing a +0 animal skin, wearing a +0 helmet and carrying a wand of flame (2) (heavily wounded, 86% to hit)
The blast of sand hits Robin.
Robin is severely wounded.
Robin says, "Kneel, worm!"
Robin hits you with a +0 short sword.
Robin is very cold.
You kill Robin!
You start resting.
Magic restored.
You start resting.
HP restored.
You climb downwards.
The gnoll barely misses you.
There is a stone staircase leading up here.
The blast of sand misses the gnoll.
The gnoll hits you with a +0 club.
The gnoll is very cold.
The gnoll is severely wounded.
You miscast Sandblast.
You are very lightly contaminated with residual magic.
Nothing appears to happen.
The gnoll barely misses you.
A goblin comes into view. It is wielding a +0 club.
The gnoll hits you with a +0 club.
The gnoll is very cold.
The gnoll is severely wounded.
The gnoll hits you with a +0 halberd!
The gnoll is very cold.
The gnoll is almost dead.
The gnoll hits you with a +0 club.
The gnoll is very cold.
You kill the gnoll!
Your Spellcasting skill increases to level 5!
You climb upwards.
There is a stone staircase leading down here.
The gnoll hits you from afar with a +0 halberd!
You die...

...####.#♣♣.♣ #.....# #.#
....###..#..# #.....# #.#
###..###[..## #..)..# #.# ..#.)#
#.### ###.#########.# ≈.#..# #.#
#.......##..†# ≈.#.<# #)#
####..####.##.### ≈.#..#
#.#♣#♣.♣...####.##.# ## ..#..#
#......##....##.##.# #.
###..###..♣.♣.♣#@##.##.##.# #.
..)......##.#.##.>.....##.######.
...#####.##.♣.♣#.g........##.....
##.#####.##...###.#####.......##.
......##.###### #.# #.####..##.
.#^##.##.# #.# #.#......#.
##.......# ##.## #)#..#...#.
####...## ##.P.## #.#..#...##
###...### ##PP♣..###........##


You could see a gnoll.

Vanquished Creatures
  A jelly (D:3)
  A hound (D:2)
  Natasha (D:2)
  Robin (D:1)
  2 gnolls (D:2)
  A worm (D:2)
  A dart slug (D:2)
  An orc (D:3)
  6 ball pythons
  5 endoplasms
  3 giant cockroaches (D:1)
  8 goblins
  10 hobgoblins
  6 kobolds
  A quokka (D:3)
  4 bats
  3 frilled lizards
  6 rats
61 creatures vanquished.

Vanquished Creatures (others)
  A draconian (D:1)
  2 octopodes (D:1)
  3 vine stalkers (D:1)
  A formicid (D:1)
  A spriggan (D:1)
  2 mummies (D:1)
  A gnoll (D:1)
  An orc (D:1)
  2 plants (D:1)
  8 tentacles (D:1)
22 creatures vanquished.

Grand Total: 83 creatures vanquished

Notes
Turn   | Place    | Note
-------+----------+-------------------------------------------
     0 | D:1      | freelancePsychic the Deep Elf Earth Elementalist began the
                  | quest for the Orb.
     0 | D:1      | Reached XP level 1. HP: 10/10 MP: 6/6
     0 | D:1      | Noticed a vine stalker
     0 | D:1      | Noticed an octopode
     0 | D:1      | Noticed a vine stalker
     0 | D:1      | Noticed a vine stalker
     0 | D:1      | Noticed a kraken
     0 | D:1      | Noticed a formicid
     0 | D:1      | Noticed a draconian
     0 | D:1      | Noticed an octopode
     0 | D:1      | Noticed a spriggan
     6 | D:1      | Killed a formicid
    12 | D:1      | Killed a spriggan
    13 | D:1      | Killed an octopode
    13 | D:1      | Killed a draconian
    15 | D:1      | Killed a vine stalker
    19 | D:1      | Killed a vine stalker
    25 | D:1      | Killed a vine stalker
    26 | D:1      | Killed an octopode
   147 | D:1      | Found a faded altar of an unknown god.
   167 | D:1      | Reached skill level 1 in Conjurations
   167 | D:1      | Reached XP level 2. HP: 15/15 MP: 6/8
   911 | D:1      | Reached XP level 3. HP: 13/19 MP: 10/10
  1304 | D:1      | Learned a level 3 spell: Stone Arrow
  1670 | D:2      | You fall into a shaft and drop 2 floors!
  1692 | D:4      | Noticed Blork the orc
  1713 | D:4      | Noticed Sigmund
  1714 | D:4      | Gained mutation: You are somewhat resistant to further
                  | mutation. [potion of mutation]
  1714 | D:4      | Gained mutation: A frigid envelope surrounds you and
                  | freezes all who hurt you. [potion of mutation]
  1714 | D:4      | Gained mutation: You are robust. (+10% HP) [potion of
                  | mutation]
  1845 | D:3      | Reached skill level 4 in Spellcasting
  1845 | D:3      | Reached XP level 4. HP: 26/26 MP: 9/12
  2070 | D:3      | Noticed Grinder
  2094 | D:3      | Noticed Natasha
  2100 | D:2      | Killed Natasha
  2327 | D:2      | Reached XP level 5. HP: 23/30 MP: 11/14
  2376 | D:2      | Noticed Robin
  2514 | D:1      | Killed Robin
  2597 | D:2      | Reached skill level 5 in Spellcasting
  2598 | D:1      | Slain by a gnoll

Illustrated notes

Levels and vault maps discovered:
D:1:      nicolae_arrival_kraken_aquarium_a, layout_loops_cross,
          hellmonk_ecumenical_altar_blasted, serial_forest,
          infiniplex_forest_clump_curved, infiniplex_forest_clump_small,
          infiniplex_forest_straight_2, infiniplex_forest_clump_tiny,
          infiniplex_forest_clump_curved, infiniplex_forest_zigzag_2,
          infiniplex_forest_split, infiniplex_forest_lined_corner,
          infiniplex_forest_straight_4
D:2:      layout_loops_ring, uniq_robin
D:3:      layout_basic, uniq_grinder, uniq_natasha
D:4:      layout_loops_ring, lemuel_round_altar, kennysheep_mini,
          uniq_blork_the_orc, uniq_sigmund

Skill      XL: |  1  2  3  4  5 |
---------------+----------------+-----
Conjurations   | 1 2 3 |  3.1
Spellcasting   | 4 5 |  5.0
Earth Magic    | 4 |  4.7
Dodging        | |  2.4
Stealth        | |  2.4
Transmutations | |  1.1

Action                   |  1- 3 |  4- 6 || total
-------------------------+-------+-------++-------
Melee: Dagger            |    55 |    10 ||    65
 Cast: Sandblast         |    32 |    20 ||    52
  Use: Scroll            |     3 |     3 ||     6
       Potion            |     1 |       ||     1
 Stab: Sleeping          |     5 |       ||     5
Armor: Robe              |    11 |     3 ||    14
Dodge: Dodged            |    31 |    15 ||    46

Table legend: (Time is in decaauts)
 A = Elapsed time spent in this place.
 B = Non-inter-level travel time spent in this place.
 C = Inter-level travel time spent in this place.
 D = Time resting spent in this place.
 E = Time spent auto-exploring this place.
 F = Levels seen in this place.
 G = Mean time per level.
                   A        B        C        D        E       F      G
               +--------+--------+--------+--------+--------+-----+--------+
         Total |   2600 |   2527 |     73 |    310 |   1756 |   4 |  650.0 |
       Dungeon |   2600 |   2527 |     73 |    310 |   1756 |   4 |  650.0 |
               +--------+--------+--------+--------+--------+-----+--------+

Top non-repeatable levels by time:
     D:1: 1555 daAuts
     D:2: 616 daAuts
     D:3: 336 daAuts
     D:4: 91 daAuts
